 Dungeon Crawl Stone Soup version 0.18.1-8-gdd0e5ea (webtiles) character file.

535 Liquid the Magician (level 7, -2/41 HPs)
             Began as an Octopode Air Elementalist on June 12, 2016.
             Slain by Pikel
             ... wielding a +2 whip of flaming
              (3 damage)
             ... on level 3 of the Dungeon.
             The game lasted 00:17:04 (4355 turns).

Liquid the Magician (Octopode Air Elementalist)     Turns: 4355, Time: 00:17:05

Health: -2/41      AC:  1    Str:  7    XL:     7   Next: 25%
Magic:  1/13       EV: 13    Int: 19    God:
Gold:   196        SH:  4    Dex: 13    Spells: 5 memorised, 1 level left

rFire  . . .     SeeInvis .     p - +3 whip (venom)
rCold  . . .     Gourm    .     c - +0 buckler
rNeg   . . .     Faith    .     (helmet restricted)
rPois  .         Spirit   .     (no amulet)
rElec  .         Dismiss  .     r - ring of protection from magic
rCorr  .         Reflect  .     (no ring)
SustAt .         Harm     .     (no ring)
MR     +....                    (no ring)
Stlth  +++.......               (no ring)
                                (no ring)
                                (no ring)
                                (no ring)

@: very slightly contaminated, repel missiles, somewhat resistant to hostile
enchantments, fairly stealthy
A: almost no armour, amphibious, 8 rings, constrict 8, camouflage 1, gelatinous
body 1
a: no special abilities


You were on level 3 of the Dungeon.
You were near starving.

You visited 1 branch of the dungeon, and saw 4 of its levels.

You collected 196 gold pieces.

Inventory:

Hand Weapons
 e - a +0 dagger
 j - a +0 dagger of venom
 p - a +3 whip of venom (weapon)
Armour
 c - a +0 buckler (worn)
Jewellery
 n - an uncursed ring of fire
 r - a ring of protection from magic (left tentacle)
Wands
 t - a wand of flame (34/48)
Scrolls
 a - a scroll of teleportation
 d - 3 scrolls of magic mapping
 u - 2 scrolls of amnesia
Potions
 f - a potion of lignification
 g - a potion of invisibility
 i - a potion of curing
 k - a potion of might {unknown}
 q - a potion of mutation {unknown}
 s - a potion of heal wounds {unknown}
 w - a potion of agility {unknown}
Comestibles
 b - a bread ration
 h - a slice of pizza
 l - 2 beef jerkies
 o - 3 meat rations
 v - 5 fruits


   Skills:
 + Level 3.5 Dodging
 - Level 2.6 Stealth
 + Level 2.5 Shields
 * Level 4.4 Spellcasting
 + Level 3.1 Conjurations
 + Level 4.2 Air Magic


You had one spell level left.
You knew the following spells:

 Your Spells              Type           Power        Failure   Level  Hunger
a - Shock                 Conj/Air       ###.         4%          1    None
b - Repel Missiles        Chrm/Air       ##....       12%         2    #......
c - Static Discharge      Conj/Air       ###.....     12%         3    ###....
d - Swiftness             Chrm/Air       ##......     12%         2    #......
e - Lightning Bolt        Conj/Air       ###.......   90%         5    ######.


Dungeon Overview and Level Annotations

Branches:
Dungeon (4/15)
 Temple: D:4-7

Altars:
Makhleb
Yredelemnul

Annotations:
D:3 Ijyb, Pikel


Innate Abilities, Weirdness & Mutations

You cannot wear most types of armour.
You are amphibious.
You can wear up to eight rings at the same time.
You can use your tentacles to constrict eight enemies at once.
Your skin changes colour to match your surroundings (Stealth).
Your rubbery body absorbs attacks (AC +1).


Message History

Confirm with . or Enter, or press ? or * to list all spells.
You miscast Static Discharge.
You are very lightly contaminated with residual magic.
Your skin tingles.
Pikel hits you with a whip of flaming.
* * * LOW HITPOINT WARNING * * *
Pikel burns you.
* * * LOW HITPOINT WARNING * * *
You barely miss Pikel. You grab Pikel.
Pikel is heavily wounded.
You constrict Pikel, but do no damage. Pikel closely misses you.
Pikel hits you with a whip of flaming.
* * * LOW HITPOINT WARNING * * *
Pikel burns you.
* * * LOW HITPOINT WARNING * * *
You hit Pikel.
Pikel is poisoned.
Pikel is heavily wounded.
You constrict Pikel, but do no damage. Pikel hits you with a whip of flaming.
* * * LOW HITPOINT WARNING * * *
Pikel burns you.
You die...

.....# .....#
.....# .....#
.....# .....#
.....# .....# ###
....############@#
...............#K#
..##...........#.#
..##...........#.#
..##...........#.#
..####.#######.#.#
.......#######.#.#
..##...........#.#
..#.)รท##########.#


You could see Pikel.

Vanquished Creatures
  A slave (D:3)
  Blork the orc (D:3)
  A hound (D:2)
  3 orc wizards
  2 orc priests (D:3)
  Natasha (thrice) (D:3)
  Robin (D:3)
  3 gnolls (D:3)
  7 adders
  3 worms
  3 dart slugs
  3 giant geckos
  7 orcs (D:3)
  5 giant cockroaches
  12 goblins
  13 hobgoblins
  9 kobolds
  2 quokkas (D:2)
  7 bats
  6 giant newts
  7 rats
99 creatures vanquished.

Vanquished Creatures (others)
  2 goblins (D:3)
2 creatures vanquished.

Grand Total: 101 creatures vanquished

Notes
Turn   | Place    | Note
--------------------------------------------------------------
     0 | D:1      | Liquid the Octopode Air Elementalist began the quest for the Orb.
     0 | D:1      | Reached XP level 1. HP: 11/11 MP: 3/3
   110 | D:1      | Reached XP level 2. HP: 17/17 MP: 1/5
   129 | D:1      | Learned a level 2 spell: Repel Missiles
   627 | D:1      | Reached XP level 3. HP: 21/21 MP: 0/6
  1079 | D:2      | Learned a level 3 spell: Static Discharge
  1120 | D:2      | Found a burning altar of Makhleb.
  1125 | D:2      | Reached skill level 1 in Shields
  1125 | D:2      | Reached XP level 4. HP: 27/27 MP: 8/8
  1339 | D:2      | Reached XP level 5. HP: 26/31 MP: 7/9
  1833 | D:2      | Learned a level 2 spell: Swiftness
  2096 | D:3      | Noticed Robin
  2106 | D:3      | Killed Robin
  2120 | D:3      | Noticed Ijyb
  2605 | D:3      | Noticed Natasha
  2656 | D:3      | Killed Natasha
  2656 | D:3      | Reached XP level 6. HP: 33/36 MP: 2/11
  2925 | D:3      | Noticed Natasha
  2928 | D:3      | Killed Natasha
  3437 | D:3      | Noticed Natasha
  3442 | D:3      | Killed Natasha
  3516 | D:3      | Learned a level 5 spell: Lightning Bolt
  3576 | D:4      | Noticed Pikel
  3576 | D:4      | Noticed a slave
  3576 | D:4      | Noticed a slave
  3576 | D:4      | Noticed a slave
  3576 | D:4      | Noticed a slave
  3609 | D:4      | Found a basalt altar of Yredelemnul.
  3638 | D:4      | Noticed Blork the orc
  3648 | D:3      | Killed a slave
  3754 | D:4      | Noticed a phantom
  3756 | D:4      | Noticed a phantom
  3756 | D:4      | Reached XP level 7. HP: 33/41 MP: 13/13
  4026 | D:3      | Killed Blork the orc
  4355 | D:3      | HP: 1/41 [Pikel/whip of flaming (6)]
  4355 | D:3      | Slain by Pikel

Skill      XL: |  1  2  3  4  5  6  7 |
---------------+----------------------+-----
Shields        | 1 2 |  2.5
Spellcasting   | 3 4 |  4.4
Conjurations   | 2 3 |  3.1
Dodging        | 3 |  3.5
Air Magic      | 4 |  4.2
Stealth        | |  2.6

Action                   |  1- 3 |  4- 6 |  7- 9 || total
-------------------------+-------+-------+-------++-------
Melee: Unarmed           |    28 |       |       ||    28
       Constrict         |    17 |    26 |     4 ||    47
       Tentacles         |     5 |    11 |     1 ||    17
       Dagger            |    22 |    36 |       ||    58
       Whip              |       |    37 |    14 ||    51
 Cast: Shock             |    29 |    76 |    11 ||   116
       Repel Missiles    |     1 |       |       ||     1
       Static Discharge  |       |     3 |     7 ||    10
       Swiftness         |       |     1 |       ||     1
  Use: Scroll            |       |    11 |       ||    11
       Potion            |       |       |     2 ||     2
 Stab: Sleeping          |     4 |     5 |       ||     9
  Eat: Chunk             |     1 |     8 |     1 ||    10
Armor: Skin              |     5 |     7 |     8 ||    20
Dodge: Dodged            |    32 |    47 |     3 ||    82
       Deflected         |     1 |       |     1 ||     2
Block: Buckler           |       |     9 |     1 ||    10
